 Dungeon Crawl Stone Soup version 0.31-a0-152-g6aa68a64a1 (webtiles) character file.

Game seed: 11620111954479227879

7032 avis the Transmogrifier (level 10, 0/78 HPs)
             Began as a Demigod Ice Elementalist on June 8, 2023.
             Slain by a yak (13 damage)
             ... on level 10 of the Dungeon on June 10, 2023.
             The game lasted 01:29:51 (13806 turns).

avis the Transmogrifier (Demigod Ice Elementalist) Turns: 13806, Time: 01:29:52

Health: 0/78       AC: 20    Str: 13    XL:     10   Next: 53%
Magic:  6/22       EV: 13    Int: 21    God:
Gold:   784        SH:  0    Dex: 18    Spells: 0/21 levels left

rFire   . . .        a - melded +6 falchion of Zoismoh {venom, rF++ Dex+2}
rCold   . . .        (shield currently unavailable)
rNeg    . . .        p - +0 steam dragon scales
rPois   .            k - +1 helmet
rElec   .            (no cloak)
rCorr   .            (gloves currently unavailable)
SInv    +            m - +1 pair of boots
Will    +....        (no amulet)
Stlth   ++           s - +4 ring of protection
HPRegen 0.33/turn    D - ring of see invisible
MPRegen 0.18/turn

%: no passive effects
@: ice-armoured, blade hands, freezing walls, slowed, very slow
A: high MP 1, forlorn, divine attributes
a: End Transformation


You were on level 10 of the Dungeon.
You had blades for hands.
You visited 2 branches of the dungeon, and saw 11 of its levels.
You also visited: Sewer.

You collected 784 gold pieces.

Inventory:

Hand Weapons
 a - the +6 falchion of Zoismoh (melded) {venom, rF++ Dex+2}
   (You found it on level 5 of the Dungeon)

   Dex:       It affects your dexterity (+2).
   rF:        It greatly protects you from fire.
 b - a +0 orcbow
 c - a +4 short sword of freezing
 d - a +0 war axe of freezing
Missiles
 r - 9 poisoned darts (quivered)
Armour
 k - a +1 helmet (worn)
 m - a +1 pair of boots (worn)
 p - +0 steam dragon scales (worn)
 C - an orb of energy
Jewellery
 s - a +4 ring of protection (left blade hand)
 D - a ring of see invisible (right blade hand)
 F - a ring of willpower
Wands
 f - a wand of mindburst (8)
 w - a wand of flame (15)
 y - a wand of polymorph (7)
 z - a wand of paralysis (17)
 K - a wand of iceblast (28)
 L - a wand of digging (3)
Scrolls
 h - 2 scrolls of blinking {unknown}
 j - 6 scrolls of teleportation
 u - a scroll of butterflies {unknown}
 A - a scroll of poison {unknown}
 E - 2 scrolls of enchant weapon {unknown}
 G - 2 scrolls of fear {unknown}
 I - 2 scrolls of amnesia {unknown}
Potions
 e - a potion of magic
 g - 2 potions of ambrosia
 i - a potion of lignification
 l - a potion of brilliance
 q - a potion of berserk rage
 t - a potion of heal wounds
 v - 8 potions of enlightenment
 x - 2 potions of cancellation
 B - 4 potions of curing
 H - 4 potions of invisibility


   Skills:
 + Level 3.8 Fighting
 - Level 3.0 Dodging
 - Level 2.0 Stealth
 - Level 3.0 Unarmed Combat
 - Level 6.0 Spellcasting
 - Level 2.0 Translocations
 * Level 11.5 Transmutations
 - Level 6.0 Ice Magic


You couldn't memorise any spells.
You knew the following spells:

 Your Spells              Type           Power      Damage    Failure   Level
a - Freeze                Ice            100%       1d10      14%         1
b - Blink                 Tloc           28%        N/A       36%         2
o - Ozocubu's Armour      Ice            31%        N/A       24%         3
r - Frozen Ramparts       Ice            62%        1d10      24%         3
B - Blade Hands           Tmut           26%        N/A       22%         5
D - Dragon Form           Tmut           26%        N/A       91%         7

Your spell library contained the following spells:

 Spells                   Type           Power      Damage    Failure   Level
 Lesser Beckoning         Tloc           28%        N/A       36%         2
 Momentum Strike          Conj/Tloc      20%        3d8       45%         2
 Irradiate                Conj/Tmut      15%        3d16      69%         5
 Dazzling Flash           Conj/Hex       12%        N/A       71%         3
 Summon Ice Beast         Ice/Summ       18%        N/A       71%         4
 Agony                    Necr           6%         N/A       99%         5
 Silence                  Hex/Air        3%         N/A       99%         5


Dungeon Overview and Level Annotations

Branches:
Dungeon (10/15)            Temple (1/1) D:7           Sewer (visited)
   Lair: D:8-11         Orc: D:9-12

Shops:
D:5 =   D:8 =

Annotations:
D:9 3 runed translucent doors


Innate Abilities, Weirdness & Mutations

You have blades for hands.
Your spellcasting is less reliable in this form.
You are incapable of wielding weapons or throwing items.
You have an increased reservoir of magic. (+10% MP)
You shall have no god before yourself.
Your divine heritage dramatically boosts your attributes as you level up.


Message History

A two-headed ogre comes into view.
It is wielding a +0 giant club and a +0 giant spiked club.
The wall freezes the yak but does no damage.
The yak completely misses you.
The wall freezes the yak.
The yak gores you!
The wall freezes the yak.
The yak barely misses you.
The wall freezes the yak but does no damage.
The yak barely misses you.
You completely miss the yak.
The yak is severely wounded.
The wall freezes the two-headed ogre.
The wall freezes the yak.
The yak gores you but does no damage.
The wall freezes the yak.
The yak misses you.
Unknown command.
You hit the yak.
The yak is severely wounded.
The wall freezes the two-headed ogre.
The wall freezes the yak but does no damage.
The yak gores you!
The wall freezes the yak.
The yak gores you but does no damage.
The wall freezes the two-headed ogre.
The two-headed ogre hits you with a +0 giant club!!
* * * LOW HITPOINT WARNING * * *
The two-headed ogre hits you but does no damage.
The wall freezes the yak.
The yak gores you but does no damage.
The wall freezes the yak.
The yak gores you.
* * * LOW HITPOINT WARNING * * *
You hit the two-headed ogre.
The two-headed ogre is lightly wounded.
The frozen ramparts melt away.
The yak closely misses you. The yak gores you.
* * * LOW HITPOINT WARNING * * *
Casting: Frozen Ramparts (dangerous; 24% risk of failure)
Confirm with . or Enter, or press ? or * to list all spells.
Casting: Frozen Ramparts (dangerous; 24% risk of failure)
Press: ? - help, Dir - look around, f - activate The walls around you are covered in ice.
The wall freezes the two-headed ogre but does no damage.
The two-headed ogre barely misses you. x2; The wall freezes the yak.
The yak gores you.
* * * LOW HITPOINT WARNING * * *
The wall freezes the yak but does no damage.
The yak gores you!
You die...

#..# #..#
#..# .# #..#
#.# #..# #.#
#..# #.#
#..#####.#
#..YO....#
#..@Y)...# .
#..####..#
... #..#
#..#####....
#..#
#..YW.......
#..#
#......W....
#..#
#....!......
#..#
#..........Y
#..
#...........
#...........


You could see a two-headed ogre and 2 yaks.

Vanquished Creatures
  2 two-headed ogres (D:9)
  Pikel (D:7)
  Maggie (D:8)
  Sigmund (D:2)
  5 wraiths
  A vampire (D:9)
  4 yaks
  A wyvern (D:9)
  Duvessa (D:4)
  An acid dragon (D:8)
  A black bear (D:7)
  An ice beast (D:6)
  An orc warrior (D:7)
  2 ogres
  5 centaurs
  4 lemures (D:7)
  A kobold brigand (D:8)
  3 bullfrogs
  2 scorpions
  10 wights
  Dowan (D:4)
  5 killer bees (D:7)
  2 howler monkeys (D:7)
  2 vampire bats (D:5)
  A gnoll bouda (D:9)
  3 hounds
  7 orc priests
  2 jellies
  3 orc wizards
  4 iguanas
  A mummy (D:6)
  8 river rats
  17 adders
  7 gnolls
  3 white imps
  5 worms
  17 orcs
  9 ball pythons
  4 endoplasms
  2 giant cockroaches
  5 goblins
  5 hobgoblins
  4 jackals (Sewer)
  12 kobolds
  11 quokkas
  16 bats
  9 frilled lizards
  3 hobgoblin zombies (D:6)
  A kobold zombie (D:6)
  11 rats
  A spectral orc (D:7)
229 creatures vanquished.

Notes
Turn   | Place    | Note
-------+----------+-------------------------------------------
     0 | D:1      | avis the Demigod Ice Elementalist began the quest for the
                  | Orb.
     0 | D:1      | Reached XP level 1. HP: 14/14 MP: 5/5
   122 | D:1      | Reached skill level 1 in Fighting
   195 | D:1      | Reached XP level 2. HP: 19/23 MP: 1/7
   845 | D:2      | Noticed Sigmund
  1306 | D:2      | Killed Sigmund
  1307 | D:2      | Reached skill level 5 in Ice Magic
  1307 | D:2      | Reached XP level 3. HP: 15/29 MP: 3/10
  1307 | D:2      | Reached XP level 4. HP: 18/36 MP: 3/11
  1307 | D:2      | Reached XP level 5. HP: 21/41 MP: 3/12
  1442 | D:2      | Learned a level 3 spell: Frozen Ramparts
  1446 | D:2      | Learned a level 3 spell: Ozocubu's Armour
  3707 | D:4      | Noticed an ogre
  3714 | D:4      | Killed an ogre
  3715 | D:4      | Reached XP level 6. HP: 48/48 MP: 6/13
  3843 | D:4      | Learned a level 2 spell: Blink
  4773 | D:5      | Entered Level 5 of the Dungeon
  4773 | D:5      | Noticed Duvessa
  4773 | D:5      | Noticed Dowan
  4773 | D:5      | Found Hingoe's Jewellery Shop.
  5331 | D:4      | Killed Dowan
  5338 | D:4      | Killed Duvessa
  5339 | D:4      | Reached XP level 7. HP: 35/57 MP: 5/14
  5646 | D:5      | Identified the +6 falchion of Zoismoh {venom, rF++ Dex+2}
  5781 | D:5      | Reached skill level 1 in Transmutations
  6147 | D:5      | Reached skill level 2 in Transmutations
  6427 | D:5      | Upgraded the game from 0.31-a0-149-g3fdcc5976a to
                  | 0.31-a0-152-g6aa68a64a1
  6482 | D:6      | Identified the +3 plate armour of Hangman {Str+8 Dex-4
                  | Slay+4}
  6581 | D:6      | Learned a level 5 spell: Blade Hands
  6583 | D:6      | Found a glowing drain.
  6588 | D:6      | Reached skill level 3 in Transmutations
  6654 | Sewer    | Entered a sewer
  6898 | Sewer    | Reached skill level 4 in Transmutations
  6971 | Sewer    | Reached XP level 8. HP: 63/63 MP: 13/17
  7829 | D:6      | Reached skill level 5 in Transmutations
  8250 | D:6      | Reached skill level 6 in Transmutations
  8673 | D:7      | Found a staircase to the Ecumenical Temple.
  8688 | D:7      | Reached skill level 7 in Transmutations
  8848 | D:7      | Noticed Pikel
  8860 | D:7      | Killed Pikel
  8861 | D:7      | Reached skill level 8 in Transmutations
  8861 | D:7      | Reached XP level 9. HP: 49/69 MP: 9/18
  9693 | Temple   | Entered the Ecumenical Temple
  9870 | D:8      | Reached skill level 9 in Transmutations
 10171 | D:8      | Reached skill level 5 in Spellcasting
 10400 | D:8      | Reached skill level 1 in Unarmed Combat
 10876 | D:8      | Noticed Maggie
 10974 | D:8      | Killed Maggie
 11156 | D:8      | Found Kacweedi's Jewellery Boutique.
 11833 | D:9      | Noticed a two-headed ogre
 11839 | D:9      | Killed a two-headed ogre
 11904 | D:9      | Reached XP level 10. HP: 43/77 MP: 22/22
 12018 | D:9      | Noticed a two-headed ogre
 12030 | D:9      | Killed a two-headed ogre
 12031 | D:9      | Reached skill level 10 in Transmutations
 12413 | D:9      | Learned a level 7 spell: Dragon Form
 12474 | D:9      | Found a runed translucent gate.
 12475 | D:9      | Found a runed translucent gate.
 12475 | D:9      | Found a runed translucent gate.
 12477 | D:9      | Noticed a brown ugly thing
 12477 | D:9      | Noticed a white ugly thing
 12477 | D:9      | Noticed a green ugly thing
 12478 | D:9      | Noticed a purple ugly thing
 12478 | D:9      | Noticed a purple ugly thing
 12478 | D:9      | Noticed a brown ugly thing
 12684 | D:9      | Reached skill level 11 in Transmutations
 13302 | D:10     | Entered Level 10 of the Dungeon
 13802 | D:10     | Noticed a two-headed ogre
 13806 | D:10     | Slain by a yak

Illustrated notes

Levels and vault maps discovered:
D:1:      onia_arrival_pyramid, layout_basic, minmay_misc_feat_square,
          minmay_pentomino_u2
D:2:      layout_basic, uniq_sigmund
D:3:      layout_loops_corners, nicolae_overflow_crystal_walls,
          mainiacjoe_overflow_big_doors
D:4:      layout_basic, general_overflow_altar
D:5:      layout_cave_pools, mainiacjoe_overflow_catch_the_wave, serial_shops,
          nicolae_stop_n_shop_2, corner_web_ring, dk_vineyard_2,
          roderic_batcave, guppyfry_early_lair_pool, uniq_duvessa
D:6:      layout_loops_ring, portal_sewer_entry_c, minmay_mini_ossuary
D:7:      layout_loops_cross, yredelemnul_forgotten_temple_becter,
          minmay_temple_entry_crystal_x, david_defended_altar_orc, uniq_pikel
D:8:      layout_layer_cave, old_standard_altar, serial_shops,
          nicolae_shop_gaudy_bauble, uniq_maggie
D:9:      layout_rooms, ploomutoo_gammafunk_ghost_potion_laboratory,
          nicolae_fountain_basement
D:10:     layout_long_grid
Temple:   compressed_dpeg_circular_temple

Skill      XL: |  1  2  3  4  5  6  7  8  9 10 |
---------------+-------------------------------+-----
Spellcasting   | 2 3 4 6 |  6.0
Fighting       | 1 2 3 |  3.8
Ice Magic      | 5 6 |  6.0
Dodging        | 2 3 |  3.0
Stealth        | 2 |  2.0
Translocations | 2 |  2.0
Transmutations | 4 8 9 11 | 11.5
Unarmed Combat | 3 |  3.0

Action                     |  1- 3 |  4- 6 |  7- 9 | 10-12 || total
---------------------------+-------+-------+-------+-------++-------
  Melee: Dagger            |     5 |    63 |     1 |       ||    69
         Falchion          |       |       |   221 |    16 ||   237
         Punch             |       |       |    10 |     3 ||    13
         Unarmed           |       |       |    38 |    65 ||   103
   Fire: Shortbow          |       |    12 |       |       ||    12
  Throw: Stone             |     4 |       |       |       ||     4
         Dart              |       |     4 |       |       ||     4
   Cast: Freeze            |    36 |    18 |       |       ||    54
         Frozen Ramparts   |       |    23 |    42 |     7 ||    72
         Ozocubu's Armour  |       |    12 |    29 |     8 ||    49
         Blade Hands       |       |       |     7 |    11 ||    18
         Dragon Form       |       |       |       |     1 ||     1
Ability: End Transformatio |       |       |     3 |       ||     3
  Evoke: Wand              |       |       |     7 |     2 ||     9
    Use: Potion            |     1 |       |       |       ||     1
         Scroll            |       |       |    11 |     2 ||    13
   Stab: Sleeping          |     3 |     6 |     2 |       ||    11
 Armour: Robe              |     2 |    13 |   100 |       ||   115
         Steam dragon scal |       |       |     2 |    33 ||    35
  Dodge: Dodged            |    15 |    64 |   224 |    60 ||   363

Table legend: (Time is in decaauts)
 A = Elapsed time spent in this place.
 B = Non-inter-level travel time spent in this place.
 C = Inter-level travel time spent in this place.
 D = Time resting spent in this place.
 E = Time spent auto-exploring this place.
 F = Levels seen in this place.
 G = Mean time per level.
                   A        B        C        D        E       F      G
               +--------+--------+--------+--------+--------+-----+--------+
         Total |  14141 |  12790 |   1351 |   4028 |   5702 |  12 | 1178.4 |
       Dungeon |  13081 |  11732 |   1349 |   3914 |   5307 |  10 | 1308.1 |
        Temple |     30 |     28 |      2 |      0 |      0 |   1 |   30.0 |
         Sewer |   1029 |   1029 |      0 |    114 |    395 |   1 | 1029.0 |
               +--------+--------+--------+--------+--------+-----+--------+

Top non-repeatable levels by time:
     D:4: 2069 daAuts
     D:8: 1906 daAuts
     D:7: 1590 daAuts
     D:9: 1550 daAuts
     D:2: 1343 daAuts
     D:3: 1291 daAuts
     D:6: 1166 daAuts
   Sewer: 1029 daAuts
     D:1: 928 daAuts
     D:5: 898 daAuts
    D:10: 338 daAuts
  Temple: 30 daAuts
